 Dungeon Sprint DCSS version 0.26-a0-707-g31817bcca1 (webtiles) character file.

Game seed: 16949069192223274531

4000000 jfcaron the Conqueror (level 21, -49/204 HPs)
             Began as a Demonspawn Warper on Oct 27, 2020.
             Was a High Priest of Makhleb.
             Annihilated by a sculptor of flesh
             ... wielding a +9 great sword
              (253 damage)
             ... in the Dungeon (Sprint VIII: "Arena of Blood").
             The game lasted 00:03:38 (40 turns).

jfcaron the Conqueror (Demonspawn Warper)             Turns: 40, Time: 00:03:39

Health: -49/204    AC:  9    Str: 13    XL:     21   Next: 54%
Magic:  0/52       EV: 31    Int: 21    God:    Makhleb [*****.]
Gold:   0          SH:  0    Dex: 15    Spells: 74/74 levels left

rFire    . . .     SeeInvis +   b - +∞ Axe of Woe
rCold    + . .     Faith    .   (shield currently unavailable)
rNeg     . . .     Spirit   +   a - +0 leather armour
rPois    .         Reflect  .   (no helmet)
rElec    .         Harm     .   (no cloak)
rCorr    .         Rampage  .   (gloves unavailable)
MR       +....     NoTele   +   (no boots)
Stlth    +++++++++.             (no amulet)
HPRegen  0.44/turn              j - ring of see invisible
MPRegen  0.66/turn              (no ring)

@: no status effects
A: claws 3, cold resistance 1, spiny 1, magic shield, magic regeneration, sharp
scales 3
a: Minor Destruction, Lesser Servant of Makhleb, Major Destruction, Greater
Servant of Makhleb, Renounce Religion


You were in the Dungeon.
You worshipped Makhleb.
Makhleb was extremely pleased with you.
You visited 1 branch

Inventory:

Hand Weapons
 b - the +∞ Axe of Woe (weapon)
   (You found it in the Dungeon)
Missiles
 d - 5 boomerangs of dispersal (quivered)
Armour
 a - a +0 leather armour (worn)
Jewellery
 j - a ring of see invisible (left claw)
Scrolls
 c - 2 scrolls of blinking
Potions
 e - a potion of curing
 f - a potion of heal wounds
 g - a potion of haste
 h - 2 potions of magic
 i - a potion of berserk rage


   Skills:
 O Level 27 Fighting
 O Level 27 Axes
 + Level 26.4 Throwing
 O Level 27 Armour
 O Level 27 Dodging
 + Level 25.2 Stealth
 - Level 1.7 Unarmed Combat
 O Level 27 Spellcasting
   Level 2.6 Translocations
 O Level 27 Invocations


You had 74 spell levels left.
You didn't know any spells.
Your spell library contained the following spells:

 Spells                   Type           Power        Failure   Level
 Blink                    Tloc           N/A          1%          2
 Gell's Gravitas          Tloc           #####.....   1%          3
 Lesser Beckoning         Tloc           #####.....   1%          3
 Teleport Other           Tloc           #####...     1%          3
 Passage of Golubria      Tloc           N/A          4%          4


Dungeon Overview and Level Annotations

Branches:
Dungeon (1/1)

Altars:
Makhleb


Innate Abilities, Weirdness & Mutations

You have claws for hands.
Your flesh is cold resistant. (rC+)
You are partially covered in sharp spines.
When hurt, damage is shared between your health and your magic reserves.
You regenerate magic rapidly.
You are completely covered in razor-sharp scales. (AC +3, Slay +3)


Message History

You kill the bag of meat!
Makhleb accepts your kill.
Your Throwing skill increases to level 26!
Your Stealth skill gained 2 levels and is now at level 25!
You hear a shout! x6
Memorise Blink, consuming 2 spell levels and leaving 72?
You hear a shout! x6
The bag of meat is struck by your spines.
The bag of meat completely misses you.
You start memorising the spell.
You continue memorising.
You hear a shout! x5
The bag of meat is struck by your spines.
The bag of meat completely misses you. The bag of meat misses you.
You hear a shout! x3
You continue memorising.
You hear a shout! x7
The sculptor of flesh hits you with a +9 great sword!!!!!
Your memorisation is interrupted.
Ouch! That really hurt!
You die...

################
####...)ooo@o......
##.......Oo)oz......
#........)o##o##.#####
............o......
o...####.....##.##...
#.....o............
o..#..........#.#....
#....).......z....
#...#..))..........


You could see a sculptor of flesh, a meat berserker (berserk) and 9 bags of
meat.

Vanquished Creatures
  2 vampire knights (D)
  7 ogres (D)
  15 orcs (D)
24 creatures vanquished.

Notes
Turn   | Place    | Note
-------+----------+-------------------------------------------
     0 | D        | Found the +∞ Axe of Woe
     0 | D        | jfcaron the Demonspawn Warper began the quest for the Orb.
     0 | D        | Reached XP level 1. HP: 16/16 MP: 3/3
     1 | D        | Noticed a meat berserker
     1 | D        | Noticed a bag of meat
     1 | D        | Noticed a bag of meat
     3 | D        | Became a worshipper of Makhleb the Destroyer
     5 | D        | Noticed a bag of meat
     6 | D        | Killed a meat berserker
     6 | D        | Gained mutation: You are partially covered in razor-sharp
                  | scales. (AC +1, Slay +1) [demonic ancestry]
     6 | D        | Reached XP level 2. HP: 42/42 MP: 3/16
     6 | D        | Gained mutation: You have sharp fingernails. [demonic
                  | ancestry]
     6 | D        | Reached XP level 3. HP: 48/48 MP: 3/17
     6 | D        | Reached XP level 4. HP: 55/55 MP: 3/19
     6 | D        | Reached XP level 5. HP: 61/61 MP: 3/20
     6 | D        | Reached XP level 6. HP: 68/68 MP: 3/22
     6 | D        | Reached XP level 7. HP: 74/74 MP: 3/23
     6 | D        | Gained mutation: When hurt, damage is shared between your
                  | health and your magic reserves. [demonic ancestry]
     6 | D        | Reached XP level 8. HP: 81/81 MP: 3/25
     6 | D        | Reached XP level 9. HP: 87/87 MP: 3/26
     6 | D        | Gained mutation: You have very sharp fingernails. [demonic
                  | ancestry]
     6 | D        | Reached XP level 10. HP: 94/94 MP: 3/27
     6 | D        | Gained mutation: You are mostly covered in razor-sharp
                  | scales. (AC +2, Slay +2) [demonic ancestry]
     6 | D        | Reached XP level 11. HP: 100/100 MP: 3/28
     6 | D        | Reached XP level 12. HP: 107/107 MP: 3/29
     6 | D        | Gained mutation: You regenerate magic rapidly. [demonic
                  | ancestry]
     6 | D        | Reached XP level 13. HP: 113/113 MP: 3/30
     6 | D        | Noticed a meat berserker
     6 | D        | Noticed a bag of meat
     7 | D        | Killed a meat berserker
     7 | D        | Reached * piety under Makhleb
     7 | D        | Reached skill level 15 in Axes
     7 | D        | Reached skill level 15 in Throwing
     7 | D        | Reached skill level 15 in Armour
     7 | D        | Reached skill level 15 in Dodging
     7 | D        | Reached skill level 15 in Spellcasting
     7 | D        | Reached XP level 14. HP: 126/126 MP: 3/33
     7 | D        | Noticed a meat berserker
     9 | D        | Noticed a bag of meat
    11 | D        | Noticed a bag of meat
    11 | D        | Noticed a bag of meat
    11 | D        | Noticed a meat berserker
    12 | D        | Noticed a bag of meat
    13 | D        | Noticed a bag of meat
    13 | D        | Noticed a bag of meat
    13 | D        | Noticed a meat berserker
    14 | D        | Noticed a bag of meat
    14 | D        | Noticed a large bag of meat
    14 | D        | Noticed a bag of meat
    15 | D        | Killed a bag of meat
    15 | D        | Killed a meat berserker
    15 | D        | Gained mutation: You are completely covered in razor-sharp
                  | scales. (AC +3, Slay +3) [demonic ancestry]
    15 | D        | Reached XP level 15. HP: 109/139 MP: 5/36
    15 | D        | Reached ** piety under Makhleb
    15 | D        | Gained mutation: You are partially covered in sharp spines.
                  | [demonic ancestry]
    15 | D        | Reached XP level 16. HP: 118/150 MP: 5/39
    16 | D        | Noticed a meat berserker
    16 | D        | Noticed a meat berserker
    17 | D        | Killed a meat berserker
    17 | D        | Reached *** piety under Makhleb
    17 | D        | Gained mutation: You have claws for hands. [demonic
                  | ancestry]
    17 | D        | Reached XP level 17. HP: 152/160 MP: 3/41
    17 | D        | Reached skill level 10 in Stealth
    17 | D        | Reached **** piety under Makhleb
    21 | D        | Killed a meat berserker
    21 | D        | Reached XP level 18. HP: 172/173 MP: 2/44
    21 | D        | Killed a meat berserker
    21 | D        | Reached skill level 15 in Stealth
    21 | D        | Reached ***** piety under Makhleb
    21 | D        | Gained mutation: Your flesh is cold resistant. (rC+)
                  | [demonic ancestry]
    21 | D        | Reached XP level 19. HP: 182/183 MP: 2/46
    24 | D        | Noticed a destroyer
    24 | D        | Noticed a destroyer
    28 | D        | Killed a destroyer
    28 | D        | Killed a meat berserker
    28 | D        | Reached XP level 20. HP: 196/196 MP: 3/48
    32 | D        | Killed a destroyer
    32 | D        | Reached skill level 27 in Fighting
    32 | D        | Reached XP level 21. HP: 204/204 MP: 4/51
    37 | D        | Reached skill level 27 in Dodging
    37 | D        | Reached skill level 27 in Invocations
    37 | D        | Reached skill level 27 in Axes
    37 | D        | Reached skill level 27 in Armour
    37 | D        | Reached skill level 27 in Spellcasting
    40 | D        | Annihilated by a sculptor of flesh

Illustrated notes

Levels and vault maps discovered:
D:        meatsprint

Skill      XL: |  1  2  3  4  5  6  7  8  9 10 11 12 13 14 15 16 17 18 19 20 21 |
---------------+----------------------------------------------------------------+-----
Fighting       | 14 16 19 20 22 24 25 26 27 | 27.0
Axes           | 12 15 17 19 20 22 23 24 26 27 | 27.0
Throwing       | 13 15 16 18 20 22 24 26 | 26.4
Armour         | 13 15 17 19 20 22 23 24 26 27 | 27.0
Dodging        | 13 15 17 19 20 22 23 25 26 27 | 27.0
Spellcasting   | 13 15 17 19 20 22 23 24 26 27 | 27.0
Stealth        | 7 13 15 19 22 25 | 25.2
Invocations    | 9 17 19 23 26 27 | 27.0
Unarmed Combat | |  1.7
Translocations | |  2.6

Action                   |  1- 3 |  4- 6 |  7- 9 | 10-12 | 13-15 | 16-18 | 19-21 || total
-------------------------+-------+-------+-------+-------+-------+-------+-------++-------
Melee: Executioner's axe |     1 |       |       |       |     2 |     2 |     3 ||     8
Invok: Greater Servant o |       |       |       |       |       |       |     1 ||     1
Dodge: Dodged            |       |       |       |       |       |     1 |     6 ||     7

Table legend: (Time is in decaauts)
 A = Elapsed time spent in this place.
 B = Non-inter-level travel time spent in this place.
 C = Inter-level travel time spent in this place.
 D = Time resting spent in this place.
 E = Time spent auto-exploring this place.
 F = Levels seen in this place.
 G = Mean time per level.
                   A        B        C        D        E       F      G
               +--------+--------+--------+--------+--------+-----+--------+
         Total |     39 |     39 |      0 |      0 |      0 |   1 |   39.0 |
       Dungeon |     39 |     39 |      0 |      0 |      0 |   1 |   39.0 |
               +--------+--------+--------+--------+--------+-----+--------+

Top non-repeatable levels by time:
       D: 39 daAuts
